[Event "Titled Tuesday Blitz November 9 2021"]
[White "Ostrovskiy, Andrey"]
[Black "Palchuk, Andrii"]
[WhiteFideId "14110326"]
[BlackFideId "14176688"]
[WhiteElo "2469"]
[BlackElo "2326"]
[Result "1-0"]
[Round "09"]
[TimeControl "180+1"]
[Date "2021.11.09"]
[WhiteClock "0:01:25"]
[BlackClock "0:00:02"]

1. e4 c6 2. d4 d6 3. Nc3 Nd7 4. h3 e5 5. Nge2 Qc7 6. g4 b5 7. Bg2 b4 8. Nb1 Bb7 9. O-O Be7 10. c3 a5 11. Ng3 g6 12. a3 bxc3 13. bxc3 Ba6 14. Re1 Rb8 15. a4 Nb6 16. Na3 Nf6 17. Bh6 Bf8 18. Bxf8 Kxf8 19. Qd2 Kg7 20. Qg5 Ng8 21. dxe5 dxe5 22. Nc2 f6 23. Qc1 Ne7 24. Bf1 Bxf1 25. Rxf1 Nc4 26. Ne3 Nxe3 27. Qxe3 Qb6 28. Qf3 Rhd8 29. h4 Qa6 30. Kg2 Qc4 31. Rfd1 h6 32. Rab1 Rxb1 33. Rxd8 1-0


[Site "https://www.chess.com"]

[Event "Titled Tuesday Blitz November 9 2021"]
[White "Polivanov, Anatoliy"]
[Black "Llorente Zaro, Alfonso"]
[WhiteFideId "14109468"]
[BlackFideId "2254131"]
[WhiteElo "2472"]
[BlackElo "2480"]
[Result "1/2-1/2"]
[Round "09"]
[TimeControl "180+1"]
[Date "2021.11.09"]
[WhiteClock "0:00:05"]
[BlackClock "0:00:05"]

1. e4 e6 2. Nf3 b6 3. d4 Bb7 4. Bd3 Ne7 5. O-O d6 6. Nc3 Nd7 7. d5 e5 8. a4 a6 9. a5 b5 10. Na2 c6 11. c4 bxc4 12. Bxc4 cxd5 13. exd5 Qxa5 14. Bd2 Qc5 15. Qb3 Bxd5 16. Rfc1 Rb8 17. Nb4 Bxc4 18. Rxc4 Qb5 19. Qc2 a5 20. Nc6 Nxc6 21. Rxc6 Be7 22. Rc8+ Bd8 23. Bxa5 Rxc8 24. Qxc8 Ke7 25. Bc3 Qb8 26. Qc6 Bb6 27. Ng5 h6 28. Nxf7 Rc8 29. Qd5 Nf6 30. Qa2 Rf8 31. Nxe5 dxe5 32. Bb4+ Kd7 33. Rd1+ Bd4 34. Bxf8 Qxf8 35. Qa4+ Ke6 36. Qc4+ Kf5 37. Qd3+ Ke6 38. Qc4+ Kf5 39. Qd3+ Kg5 40. Qg3+ Kh5 41. Qh3+ Kg6 42. Qd3+ Kf7 43. Qc4+ Kg6 44. Qd3+ Kf7 45. Qc4+ Kg6 46. Qd3+ 1/2-1/2


[Site "https://www.chess.com"]

[Event "Titled Tuesday Blitz November 9 2021"]
[White "Pranav, V"]
[Black "Alavi, Sayed Javad"]
[WhiteFideId "25060783"]
[BlackFideId "12500607"]
[WhiteElo "2351"]
[BlackElo "2495"]
[Result "1-0"]
[Round "09"]
[TimeControl "180+1"]
[Date "2021.11.09"]
[WhiteClock "0:00:44"]
[BlackClock "0:00:12"]

1. e4 e5 2. Nf3 Nf6 3. Nxe5 d6 4. Nf3 Nxe4 5. Bd3 Nc5 6. Be2 d5 7. d4 Ne4 8. O-O Be7 9. c4 O-O 10. Nc3 Nxc3 11. bxc3 dxc4 12. Bxc4 Nc6 13. h3 Bf5 14. Re1 h6 15. a4 a6 16. a5 Bd6 17. Qb3 Rb8 18. Ra2 Qf6 19. Be3 Bxh3 20. Bd5 Bd7 21. Nd2 Qh4 22. Nf3 Qh5 23. g3 Ne7 24. Be4 Qg4 25. Bc1 Be6 26. c4 f5 27. Nh2 Qg6 28. Bb1 Qf7 29. d5 Bd7 30. Rae2 Ng6 31. Qc2 Rbe8 32. c5 Rxe2 33. Rxe2 Be5 34. c6 bxc6 35. dxc6 Be6 36. Nf3 Bb3 37. Qd2 Bd6 38. Nd4 Bc4 39. Nxf5 Bxe2 40. Qxe2 Ne5 41. Ba2 1-0


[Site "https://www.chess.com"]

[Event "Titled Tuesday Blitz November 9 2021"]
[White "Sellitti, Federico"]
[Black "Vasquez Schroeder, Rodrigo"]
[WhiteFideId "821829"]
[BlackFideId "3400042"]
[WhiteElo "2615"]
[BlackElo "2568"]
[Result "0-1"]
[Round "09"]
[TimeControl "180+1"]
[Date "2021.11.09"]
[WhiteClock "0:00:05"]
[BlackClock "0:00:19"]

1. e4 c5 2. Nc3 Nc6 3. g3 g6 4. Bg2 Bg7 5. d3 d6 6. Be3 e5 7. Qd2 Nge7 8. Bh6 Bxh6 9. Qxh6 Nd4 10. Qd2 Be6 11. Nd1 O-O 12. c3 Ndc6 13. Ne2 d5 14. Ne3 d4 15. Nd1 Qd6 16. O-O Rad8 17. c4 f6 18. f4 a6 19. h3 b5 20. b3 bxc4 21. bxc4 Rb8 22. g4 exf4 23. Nxf4 Ne5 24. Rc1 Kg7 25. Rc2 Bd7 26. Nf2 Ba4 27. Rcc1 Rb4 28. Nd5 Rb7 29. Rb1 Rfb8 30. Rxb7 Rxb7 31. Nh1 Ng8 32. Ng3 h6 33. Ne2 Bc6 34. Nef4 Bxd5 35. exd5 Kh7 36. Be4 Kg7 37. Ne6+ Kh8 38. Qf2 Kh7 39. Qg3 Nxc4 40. Bxg6+ Kxg6 41. Nf4+ Kh7 42. dxc4 f5 43. Qd3 Ne7 44. Ne6 Qe5 45. gxf5 Kh8 46. Qf3 Rb8 47. f6 Rg8+ 48. Kh1 Ng6 49. f7 Rb8 50. Qf6+ Qxf6 51. Rxf6 Kh7 52. Rxg6 Kxg6 53. f8=Q Rxf8 54. Nxf8+ Kf5 55. Ne6 d3 56. Nxc5 d2 57. Kg2 d1=Q 58. Ne6 Qc2+ 59. Kf3 Qc3+ 60. Ke2 Qxc4+ 61. Kf3 Qxd5+ 62. Kg3 Qxe6 63. Kh4 Qf6+ 64. Kg3 Qg5+ 65. Kf2 Qf4+ 66. Ke2 Qh2+ 67. Kd3 Qxh3+ 68. Kc4 Qa3 0-1


[Site "https://www.chess.com"]

[Event "Titled Tuesday Blitz November 9 2021"]
[White "Siva Mahadevan"]
[Black "Khusnutdinov, Rustam"]
[WhiteFideId "25043153"]
[BlackFideId "13701703"]
[WhiteElo "2203"]
[BlackElo "2571"]
[Result "0-1"]
[Round "09"]
[TimeControl "180+1"]
[Date "2021.11.09"]
[WhiteClock "0:00:09"]
[BlackClock "0:00:15"]

1. e4 e5 2. Nf3 Nf6 3. Nxe5 d6 4. Nf3 Nxe4 5. Bd3 d5 6. Qe2 Qe7 7. O-O Nd6 8. Qd1 Qd8 9. Re1+ Be7 10. Qe2 Nc6 11. Nc3 Be6 12. b4 O-O 13. b5 Nb4 14. Nd4 Nxd3 15. cxd3 Bh4 16. Nxe6 fxe6 17. g3 Bf6 18. Qxe6+ Kh8 19. Qxd5 Qd7 20. Ba3 Rad8 21. Rac1 Bxc3 22. dxc3 Rf5 23. Qe6 Qxe6 24. Rxe6 Nxb5 25. Bb2 Kg8 26. a4 Nd6 27. Rce1 Rd7 28. c4 Kf7 29. Bc3 b6 30. Kg2 Nb7 31. d4 Nd6 32. c5 bxc5 33. dxc5 Rxc5 34. R6e3 Rf5 35. h3 Nc4 36. Re8 Nb6 37. a5 Nd5 38. Ba1 Nb4 39. g4 Rxa5 40. Bc3 Rb5 41. Rh8 h6 42. Ree8 Nd5 43. Rhf8+ Kg6 44. Re6+ Kh7 45. Be5 Re7 46. Rxe7 Nxe7 47. Rf7 Rxe5 0-1


[Site "https://www.chess.com"]

[Event "Titled Tuesday Blitz November 9 2021"]
[White "Suarez Garcia, Carlos"]
[Black "Shirazi, Kamran"]
[WhiteFideId "22230858"]
[BlackFideId "2000733"]
[WhiteElo "2487"]
[BlackElo "2317"]
[Result "1/2-1/2"]
[Round "09"]
[TimeControl "180+1"]
[Date "2021.11.09"]
[WhiteClock "0:00:07"]
[BlackClock "0:00:19"]

1. Nf3 d5 2. b3 c5 3. e3 Nc6 4. Bb2 f6 5. d4 Bg4 6. Be2 e6 7. O-O Bd6 8. c4 Nge7 9. dxc5 Bxc5 10. cxd5 Qxd5 11. Nc3 Qxd1 12. Rfxd1 O-O 13. Na4 Bb4 14. Rd7 b6 15. a3 e5 16. Rdd1 Ba5 17. b4 b5 18. Bxb5 Bb6 19. h3 Bh5 20. Rd6 Rac8 21. Rc1 Nb8 22. Nxb6 axb6 23. Rxb6 Rxc1+ 24. Bxc1 Bf7 25. Rb7 Nd5 26. Bd2 Rc8 27. e4 Nc7 28. Ba4 Kf8 29. Be3 Ne6 30. b5 Be8 31. Bb3 Nd8 32. Rb6 Nd7 33. Rd6 Ra8 34. a4 Nb7 35. Bd5 Ke7 36. Bxb7 Rb8 37. Rxd7+ Bxd7 38. Bc5+ Kd8 39. Bd5 Bxb5 40. axb5 Rxb5 41. Bf8 g6 42. Bh6 Ke7 43. g4 Rb1+ 44. Kg2 Rb2 45. Be3 Rc2 46. h4 Kd6 47. h5 f5 48. gxf5 gxf5 49. Bg5 Rc8 50. Nh4 fxe4 51. Bxe4 Rg8 52. Nf5+ Kd7 53. Bc6+ Kc7 54. Be4 Rxg5+ 55. Kf3 Rxh5 56. Ng3 Rh4 57. Nf5 Rf4+ 58. Ke3 h5 59. f3 h4 60. Kf2 Kb6 61. Kg2 Kc5 62. Kh3 Kc4 63. Nxh4 Kd4 64. Nf5+ Kc3 65. Kg3 Kd2 66. Ne7 Rf6 67. Ng6 Re6 68. Kg4 Re8 69. Kf5 Ke3 70. Nxe5 Rf8+ 71. Kg4 Rf4+ 72. Kg3 Rxe4 73. fxe4 Kxe4 1/2-1/2


[Site "https://www.chess.com"]

[Event "Titled Tuesday Blitz November 9 2021"]
[White "Svane, Frederik"]
[Black "Atakishiyev, Elmar"]
[WhiteFideId "12923044"]
[BlackFideId "13410547"]
[WhiteElo "2459"]
[BlackElo "2088"]
[Result "1-0"]
[Round "09"]
[TimeControl "180+1"]
[Date "2021.11.09"]
[WhiteClock "0:00:05"]
[BlackClock "0:00:08"]

1. e4 e6 2. d4 d5 3. Nd2 dxe4 4. Nxe4 Nd7 5. Nf3 Ngf6 6. Bd3 c5 7. Be3 Nxe4 8. Bxe4 Nf6 9. Bd3 Qc7 10. O-O a6 11. c4 Be7 12. dxc5 Bxc5 13. Bxc5 Qxc5 14. a3 O-O 15. b4 Qc7 16. Qe2 b6 17. Rac1 Bb7 18. Ne5 Rfd8 19. Qe3 Rac8 20. h3 h6 21. Rfe1 Nd7 22. Ng4 Nf8 23. Ne5 Nd7 24. Ng4 Nf8 25. Rc3 f6 26. Bf1 h5 27. Nh2 e5 28. Be2 Qf7 29. Qxb6 Rb8 30. Qe3 Ne6 31. Bf3 Nf4 32. Bxb7 Rxb7 33. c5 Rbd7 34. c6 Nd5 35. Qd3 Nxc3 36. cxd7 Nb5 37. Rd1 Nd4 38. Qxa6 Rxd7 39. Kh1 Kh7 40. Qd3+ g6 41. Nf3 Qa2 42. Nxd4 Rxd4 43. Qf1 Qxa3 44. Rb1 Qa7 45. b5 Qb6 46. Qe2 h4 47. Kg1 g5 48. Qc2+ Kh6 49. Qc3 g4 50. Qe3+ Kg6 51. hxg4 Qe6 52. f3 h3 53. gxh3 Qd6 54. Qf2 Rd3 55. b6 Qd5 56. b7 Rd2 57. b8=Q Rxf2 58. Kxf2 Qd4+ 59. Kg3 Qf4+ 60. Kg2 Qd2+ 61. Kh1 Qf2 62. Qg8+ Kh6 63. Qh8+ Kg6 64. Qh5+ Kg7 65. Rb7+ 1-0


[Site "https://www.chess.com"]

[Event "Titled Tuesday Blitz November 9 2021"]
[White "Talcrifice"]
[Black "Obregon, Andres Carlos"]
[BlackFideId "111724"]
[WhiteElo "2657"]
[BlackElo "2572"]
[Result "0-1"]
[Round "09"]
[TimeControl "180+1"]
[Date "2021.11.09"]
[WhiteClock "0:00:17"]
[BlackClock "0:01:03"]

1. d4 d5 2. c4 dxc4 3. e3 Nf6 4. Bxc4 e6 5. Nf3 c5 6. O-O a6 7. dxc5 Bxc5 8. a3 Qxd1 9. Rxd1 b5 10. Be2 Bb7 11. b4 Be7 12. Bb2 Nbd7 13. Nbd2 O-O 14. Rac1 Rfc8 15. Nb3 Bd5 16. Nbd4 Nb6 17. Ne5 Na4 18. Ba1 Ne4 19. Bf3 Bf6 20. Nd7 Be7 21. Ne5 f6 22. Nec6 Bf8 23. Na5 Nac3 24. Re1 f5 25. Bxc3 Nxc3 26. Bxd5 exd5 27. Kf1 g6 28. Rc2 Ne4 29. Rec1 Rxc2 30. Rxc2 Nd6 31. Ke2 Nc4 32. Rc3 Bg7 33. Nac6 Kf7 34. Rd3 Rc8 35. h3 Re8 36. Kf1 h5 37. g3 Rc8 38. Ke2 Bf8 39. Rc3 Bg7 40. Rd3 Rc7 41. f4 Bf6 42. Kf3 Ke8 43. Na5 Nxa5 44. bxa5 Ke7 45. Ke2 Rc4 46. Nb3 Kd6 47. Kd2 Ra4 48. Nd4 Rxa5 49. Nf3 Ra4 50. Kc2 a5 51. Kb3 Rc4 52. Nd4 Bxd4 53. exd4 Rc1 54. h4 Re1 55. Kb2 Re4 56. Kb3 Kc6 57. Kb2 Kb6 58. Kb3 Re2 59. Kc3 a4 60. Rf3 Ka5 61. Rd3 Ra2 0-1


[Site "https://www.chess.com"]

[Event "Titled Tuesday Blitz November 9 2021"]
[White "Tillyaev, Ulugbek"]
[Black "Babazada, Khazar"]
[WhiteFideId "14202441"]
[BlackFideId "13413554"]
[WhiteElo "2341"]
[BlackElo "2302"]
[Result "0-1"]
[Round "09"]
[TimeControl "180+1"]
[Date "2021.11.09"]
[WhiteClock "0:00:17"]
[BlackClock "0:01:23"]

1. d4 Nf6 2. c4 e6 3. Nc3 Bb4 4. e3 b6 5. Bd3 Bb7 6. Ne2 O-O 7. O-O d5 8. a3 Bd6 9. Ng3 Re8 10. b4 Bf8 11. Bb2 dxc4 12. Bxc4 Nbd7 13. Qe2 a5 14. b5 Nd5 15. Rac1 Rc8 16. e4 Nf4 17. Qg4 Ng6 18. Rfd1 Nf6 19. Qf3 Nh4 20. Qe2 Ng6 21. Qf3 Bd6 22. Ba2 Bf4 23. Rb1 Qe7 24. Qe2 Bh6 25. d5 Kh8 26. dxe6 fxe6 27. Qe1 Rf8 28. Bc1 Nf4 29. f3 Qc5+ 30. Kh1 N6h5 31. e5 Nxg3+ 32. hxg3 Nxg2 33. Kxg2 Bxf3+ 34. Kh2 Bxd1 35. Bxh6 Rf2+ 36. Kh3 Bc2 37. Be3 Bf5+ 38. g4 Rf3+ 39. Kh4 Rxe3 0-1


[Site "https://www.chess.com"]

[Event "Titled Tuesday Blitz November 9 2021"]
[White "Urazayev, Arystanbek"]
[Black "Matinian, Nikita"]
[WhiteFideId "13709810"]
[BlackFideId "24129100"]
[WhiteElo "2321"]
[BlackElo "2422"]
[Result "0-1"]
[Round "09"]
[TimeControl "180+1"]
[Date "2021.11.09"]
[WhiteClock "0:00:46"]
[BlackClock "0:00:25"]

1. e4 c5 2. Nf3 d6 3. d4 cxd4 4. Nxd4 Nf6 5. Nc3 g6 6. Be2 Bg7 7. O-O O-O 8. Be3 Nc6 9. Nb3 Be6 10. f4 Rc8 11. Bf3 Na5 12. Nxa5 Qxa5 13. Qd2 b5 14. a3 Rfd8 15. Rac1 Rd7 16. Bd4 Rc4 17. Bf2 Ng4 18. f5 gxf5 19. exf5 Bxf5 20. Bd5 Bh6 21. Qe2 Bxc1 22. Bxc4 bxc4 23. Rxc1 Nxf2 24. Qxf2 Bg6 25. Rd1 Qb6 26. Qxb6 axb6 27. Rd2 Kf8 28. Kf2 e6 29. Ke3 Ke7 30. g4 h5 31. gxh5 Bxh5 32. Kd4 d5 33. Na4 Rb7 34. Kc3 Kd6 35. Kb4 f5 36. Nc3 f4 37. Nb5+ Ke5 38. Nd4 Kf6 39. Kb5 e5 40. Nc6 d4 41. Kxc4 Rc7 42. Kb5 Be8 0-1


[Site "https://www.chess.com"]

[Event "Titled Tuesday Blitz November 9 2021"]
[White "Visakh N R"]
[Black "Shimelkov, Vasiliy"]
[WhiteFideId "25012223"]
[BlackFideId "13701630"]
[WhiteElo "2454"]
[BlackElo "2073"]
[Result "1/2-1/2"]
[Round "09"]
[TimeControl "180+1"]
[Date "2021.11.09"]
[WhiteClock "0:00:06"]
[BlackClock "0:00:14"]

1. e4 c6 2. Nf3 d5 3. Nc3 dxe4 4. Nxe4 Nf6 5. Nxf6+ exf6 6. d4 Bd6 7. c3 O-O 8. Be3 Bg4 9. Be2 b5 10. O-O Nd7 11. a4 a6 12. Nd2 Bxe2 13. Qxe2 Nb6 14. axb5 axb5 15. Rxa8 Qxa8 16. Ne4 Bc7 17. Qf3 Qd8 18. Bf4 Nd5 19. Bxc7 Qxc7 20. Nc5 Ra8 21. Re1 Qd6 22. g3 g6 23. h4 f5 24. Nd3 h5 25. Re5 Ra7 26. Nf4 Nxf4 27. Qxf4 Kg7 28. Rxf5 Qe6 29. Qe5+ Qxe5 30. Rxe5 Ra2 31. b4 Kf6 32. Rc5 Ra6 33. Kg2 Ke6 34. Kf3 Kd6 35. Kf4 Ra2 36. f3 Re2 37. d5 cxd5 38. Rxb5 Rc2 39. Rc5 f6 40. g4 hxg4 41. fxg4 Rf2+ 42. Kg3 Rc2 43. h5 gxh5 44. gxh5 Rc1 45. Rc8 Rh1 46. Rh8 Ke5 47. b5 Rb1 48. Rb8 Kf5 49. b6 Rb3 50. Kf2 Rxc3 51. b7 Rc7 52. h6 d4 53. Ke2 Kf4 54. Kd3 Rd7 55. Kd2 Re7 56. Kc2 Rd7 57. Kd3 Kf5 58. Kd2 Kf4 59. Kd3 Kf5 60. Kd2 Kf4 61. Kd3 1/2-1/2


[Site "https://www.chess.com"]

[Event "Titled Tuesday Blitz November 9 2021"]
[White "Xiong, Jeffery"]
[Black "Zierk, Steven"]
[WhiteFideId "2047640"]
[BlackFideId "2034255"]
[WhiteElo "2699"]
[BlackElo "2494"]
[Result "0-1"]
[Round "09"]
[TimeControl "180+1"]
[Date "2021.11.09"]
[WhiteClock "0:00:37"]
[BlackClock "0:00:03"]

1. d4 d5 2. Nf3 Nf6 3. Bf4 c5 4. e3 e6 5. Nbd2 Bd6 6. dxc5 Bxc5 7. Bd3 Nc6 8. O-O O-O 9. c4 Qe7 10. a3 a5 11. Bg3 Rd8 12. Qe2 d4 13. exd4 Nxd4 14. Nxd4 Bxd4 15. Nf3 Bxb2 16. Bxh7+ Nxh7 17. Qxb2 Qc5 18. Rfd1 Bd7 19. Qxb7 Ba4 20. Rxd8+ Rxd8 21. Ne5 Be8 22. h3 f6 23. Ng4 Qxc4 24. Ne3 Qc6 25. Qe7 Rd3 26. Rb1 Qd7 27. Qc5 Ng5 28. Rb8 Ne4 29. Qh5 Kf8 30. Ng4 Nxg3 31. fxg3 Qa7+ 32. Kh2 Qxb8 33. Qh8+ Kf7 34. Qh7 Qxg3+ 0-1


[Site "https://www.chess.com"]

[Event "Titled Tuesday Blitz November 9 2021"]
[White "Zhigalko, Sergei"]
[Black "Yeletsky, Ivan"]
[WhiteFideId "13502956"]
[BlackFideId "24180327"]
[WhiteElo "2662"]
[BlackElo "2352"]
[Result "1/2-1/2"]
[Round "09"]
[TimeControl "180+1"]
[Date "2021.11.09"]
[WhiteClock "0:00:07"]
[BlackClock "0:00:12"]

1. e4 d6 2. d4 Nf6 3. Nc3 e5 4. Nf3 Nbd7 5. Bc4 Be7 6. O-O O-O 7. a4 c6 8. Re1 a5 9. h3 Nb6 10. Bf1 Nfd7 11. Be3 Re8 12. Qd2 exd4 13. Bxd4 Nc5 14. b3 Qc7 15. Rad1 h6 16. Qe3 Nbd7 17. Bc4 Ne6 18. Ne2 Ne5 19. Nxe5 dxe5 20. Bb6 Qxb6 21. Qxb6 Bc5 22. Qxc5 Nxc5 23. Nc1 Be6 24. Bxe6 Nxe6 25. Ne2 Red8 26. f3 Kf8 27. Kf2 Ke7 28. Ke3 Nc5 29. h4 Na6 30. c3 Nc5 31. Nc1 b5 32. axb5 cxb5 33. Rxd8 Rxd8 34. b4 axb4 35. cxb4 Ne6 36. Nd3 f6 37. Ra1 Rc8 38. Kd2 Rd8 39. Ke3 Rc8 40. Ra7+ Rc7 41. Rxc7+ Nxc7 42. Nc5 h5 43. g4 g6 44. gxh5 gxh5 45. f4 Ne6 46. Nxe6 Kxe6 47. f5+ Kd6 48. Kd3 Kc6 49. Kc3 Kd6 50. Kb3 Kc6 51. Kc3 Kd6 52. Kb3 Kc6 53. Kc3 1/2-1/2


[Site "https://www.chess.com"]

[Event "Titled Tuesday Blitz November 9 2021"]
[White "Zubov, Alexander"]
[Black "Artemenko, Oleg"]
[WhiteFideId "14109409"]
[BlackFideId "14201798"]
[WhiteElo "2685"]
[BlackElo "2287"]
[Result "0-1"]
[Round "09"]
[TimeControl "180+1"]
[Date "2021.11.09"]
[WhiteClock "0:00:02"]
[BlackClock "0:00:15"]

1. d4 e6 2. c4 b6 3. Nf3 Bb7 4. a3 Nf6 5. Nc3 Be7 6. d5 O-O 7. g3 d6 8. Bg2 e5 9. b4 Nbd7 10. O-O h6 11. e4 Nh7 12. Be3 f5 13. exf5 Rxf5 14. Ne4 Rf8 15. Nfd2 Qe8 16. Rc1 Qg6 17. c5 Bxd5 18. cxb6 cxb6 19. Rc7 Qe6 20. Qa4 Rfd8 21. Rxa7 Rxa7 22. Qxa7 Ra8 23. Qc7 Bd8 24. Qc1 Nhf6 25. h3 Nxe4 26. Nxe4 Bxe4 27. Bxe4 d5 28. Bg2 Nf6 29. Re1 Qd6 30. Rd1 Be7 31. Qb2 Rc8 32. Qb3 Rd8 33. f4 Kh7 34. fxe5 Qxe5 35. Bd4 Qg5 36. Bxb6 Rc8 37. Bf2 Bd6 38. Qd3+ Kh8 39. Bxd5 Bxg3 40. Qxg3 Rc1 41. Rxc1 Qxc1+ 42. Kg2 Nxd5 43. Qe5 Nf4+ 44. Kg3 Ng6 45. Qe4 Kh7 46. h4 Qxa3+ 47. Kg2 h5 48. Qf5 Qa6 49. Qxh5+ Kg8 50. Qd5+ Kh7 51. Qe4 Kg8 0-1


[Site "https://www.chess.com"]

[Event "Titled Tuesday Blitz November 9 2021"]
[White "Afanasiev, Nikita"]
[Black "Aditya Mittal"]
[WhiteFideId "24183555"]
[BlackFideId "35042025"]
[WhiteElo "2577"]
[BlackElo "2245"]
[Result "0-1"]
[Round "10"]
[TimeControl "180+1"]
[Date "2021.11.09"]
[WhiteClock "0:00:58"]
[BlackClock "0:00:26"]

1. e4 c5 2. Nf3 d6 3. d4 cxd4 4. Nxd4 Nf6 5. Nc3 a6 6. Be3 e5 7. Nb3 Be7 8. Be2 Be6 9. O-O O-O 10. Bf3 b5 11. Nd5 Nbd7 12. Rc1 a5 13. Nd2 Nxd5 14. exd5 Bf5 15. c4 b4 16. g4 Bd3 17. Re1 f5 18. gxf5 Bxf5 19. Bg4 Bg5 20. Kh1 Bxe3 21. Rxe3 Nc5 22. Nb3 Qh4 23. Bxf5 Rxf5 24. Nxc5 Rxf2 25. Qg1 dxc5 26. Qg3 Qxg3 27. hxg3 Rxb2 28. Rxe5 Rxa2 29. d6 Rd2 30. Rxc5 Rxd6 31. Ra1 b3 32. Rb5 Rd3 33. Kh2 a4 34. Ra3 Rd2+ 35. Kh3 Ra2 0-1


[Site "https://www.chess.com"]

[Event "Titled Tuesday Blitz November 9 2021"]
[White "Artemenko, Oleg"]
[Black "Cunjalo, Faris"]
[WhiteFideId "14201798"]
[BlackFideId "14410710"]
[WhiteElo "2287"]
[BlackElo "2263"]
[Result "1-0"]
[Round "10"]
[TimeControl "180+1"]
[Date "2021.11.09"]
[WhiteClock "0:00:11"]
[BlackClock "0:00:01"]

1. d4 f5 2. Nc3 Nf6 3. Bg5 g6 4. Bxf6 exf6 5. e4 fxe4 6. Nxe4 d5 7. Ng3 Bg7 8. Bd3 O-O 9. N1e2 f5 10. c3 f4 11. Nf1 Qd6 12. Nd2 Nd7 13. Nf3 Nf6 14. Qb3 Kh8 15. O-O b6 16. Rfe1 c5 17. Qd1 Nh5 18. h3 Bb7 19. Qd2 Rae8 20. Rad1 c4 21. Bb1 Re7 22. Kf1 Rfe8 23. Neg1 Re4 24. Bxe4 dxe4 25. Ne5 Qd5 26. Qc2 Rf8 27. b3 e3 28. Ngf3 b5 29. bxc4 bxc4 30. fxe3 fxe3 31. Rxe3 Nf4 32. Rb1 Ba8 33. Qf2 Bh6 34. Qh4 Bg7 35. Kg1 Ne6 36. Rf1 Nf4 37. Ne1 Ne6 38. Nxg6+ 1-0


[Site "https://www.chess.com"]

[Event "Titled Tuesday Blitz November 9 2021"]
[White "Babazada, Khazar"]
[Black "Maghsoodloo, Parham"]
[WhiteFideId "13413554"]
[BlackFideId "12539929"]
[WhiteElo "2302"]
[BlackElo "2601"]
[Result "0-1"]
[Round "10"]
[TimeControl "180+1"]
[Date "2021.11.09"]
[WhiteClock "0:00:03"]
[BlackClock "0:00:27"]

1. e4 c5 2. Nf3 Nc6 3. d4 cxd4 4. Nxd4 e5 5. Nb5 d6 6. N1c3 a6 7. Na3 Be6 8. Nc4 b5 9. Ne3 Nf6 10. a3 g6 11. g3 Bg7 12. Bg2 O-O 13. O-O Nd4 14. Ncd5 Bxd5 15. exd5 Qd7 16. c3 Nf5 17. Bh3 Nxe3 18. Bxd7 Nxd1 19. Bc6 Nxf2 20. Bxa8 Nh3+ 21. Kg2 Rxa8 22. Kxh3 Nxd5 23. Rd1 Nb6 24. Rxd6 Na4 25. Rb1 Bf8 26. Rd1 Bc5 27. Bg5 Kg7 28. Rd7 h6 29. Bd8 Kf8 30. Ba5 Be7 31. Bb4 Bxb4 32. cxb4 Nb6 33. Rb7 Nd5 34. Rf1 f5 35. Rd1 Rd8 36. Rc1 Ne7 37. Rcc7 Re8 38. Kg2 e4 39. Kf2 g5 40. Rc5 f4 41. gxf4 gxf4 42. Re5 Ng6 43. Rxe8+ Kxe8 44. Rb6 Kf7 45. Rxa6 Ne5 46. a4 Nd3+ 47. Ke2 f3+ 48. Kd2 f2 49. Ke2 e3 50. axb5 Nc1+ 51. Kf1 Nb3 52. Kg2 Nd2 53. Ra1 Ke7 54. b6 Kd7 55. Rc1 Ne4 56. Kf3 Nd2+ 57. Ke2 Nb3 58. Rd1+ Nd2 59. b7 Kc7 60. Rc1+ Kxb7 61. Kxe3 f1=Q 62. Rxf1 Nxf1+ 63. Kd4 Nxh2 64. Ke4 Ng4 65. Kf5 h5 66. Kg5 Nf6 0-1


[Site "https://www.chess.com"]

[Event "Titled Tuesday Blitz November 9 2021"]
[White "Dev, Shah"]
[Black "Rozman, Levy"]
[WhiteFideId "35019058"]
[BlackFideId "2039877"]
[WhiteElo "2098"]
[BlackElo "2376"]
[Result "0-1"]
[Round "10"]
[TimeControl "180+1"]
[Date "2021.11.09"]
[WhiteClock "0:00:53"]
[BlackClock "0:00:45"]

1. d4 Nf6 2. c4 e6 3. Nf3 d5 4. g3 dxc4 5. Bg2 Bd7 6. Ne5 Bc6 7. Nxc6 Nxc6 8. Bxc6+ bxc6 9. O-O h5 10. Qa4 Qd7 11. Qxc4 h4 12. Nc3 hxg3 13. fxg3 Rb8 14. a3 Ng4 15. h4 Nf6 16. b4 Bd6 17. Bf4 Nh5 18. Ne4 Nxf4 19. Nxd6+ Qxd6 20. Rxf4 Rxh4 21. gxh4 Qxf4 22. Qxc6+ Kf8 23. Qc5+ Kg8 24. h5 Rd8 25. Qe5 Qg4+ 26. Kf1 Rd5 27. Qxc7 Rf5+ 28. Ke1 Qg1+ 29. Kd2 Qxd4+ 30. Kc2 Qxa1 0-1


[Site "https://www.chess.com"]

[Event "Titled Tuesday Blitz November 9 2021"]
[White "Djordjevic, Vuk"]
[Black "Maly, Alexey"]
[WhiteFideId "902098"]
[BlackFideId "14103184"]
[WhiteElo "2463"]
[BlackElo "2294"]
[Result "1/2-1/2"]
[Round "10"]
[TimeControl "180+1"]
[Date "2021.11.09"]
[WhiteClock "0:00:07"]
[BlackClock "0:00:07"]

1. d4 d5 2. Nf3 Nf6 3. c4 dxc4 4. a4 a6 5. e3 e6 6. Bxc4 c5 7. O-O Nc6 8. Nc3 cxd4 9. exd4 Nb4 10. Bg5 Be7 11. Qb3 Nc6 12. Rad1 Na5 13. Qa2 Nxc4 14. Qxc4 O-O 15. Ne5 Bd7 16. Rfe1 Rc8 17. Qb3 Bc6 18. Nxc6 bxc6 19. Qc4 Qa5 20. Bxf6 Bxf6 21. b4 Qb6 22. Ne4 Be7 23. Nc5 Ra8 24. Rb1 Qa7 25. Nd3 Rfd8 26. Re4 Bf6 27. Nc5 Qb6 28. h3 Rd5 29. Rb3 a5 30. bxa5 Qxa5 31. Rb7 Rad8 32. Nb3 Qa8 33. Qxc6 Rc8 34. Qb6 Qxa4 35. Rxe6 Bxd4 36. Nxd4 Rxd4 37. Re1 Rd1 38. Re7 Rxe1+ 39. Rxe1 Qd7 40. Qe3 h6 41. Kh2 Rd8 42. Qe4 Qd6+ 43. g3 g6 44. Qe3 h5 45. Qf3 Kg7 46. Re4 Rd7 47. Qe3 Qf6 48. Rf4 Qe7 49. Qc3+ Kh7 50. Qc4 Kg7 51. Re4 Qf6 52. Rf4 Qe7 53. Qc6 Qd6 54. Qe4 Re7 55. Qf3 Qe6 56. Kg2 Qe5 57. Qd3 Qe6 58. Rf3 Qd7 59. Qc3+ Kh7 60. Rd3 Qb7+ 61. Kh2 Rd7 62. Rd4 Rxd4 63. Qxd4 Qf3 64. Kg1 Qf5 65. Kg2 Qe6 66. Qf4 Qe7 67. Qf3 Qe6 68. Qf4 Qe7 69. g4 hxg4 70. hxg4 Kg7 71. g5 f6 72. gxf6+ Qxf6 73. Kg3 Qxf4+ 74. Kxf4 Kf6 75. Kg4 g5 76. f4 gxf4 77. Kxf4 1/2-1/2


[Site "https://www.chess.com"]

[Event "Titled Tuesday Blitz November 9 2021"]
[White "FGHSMN"]
[Black "Dzhumagaliev, Yan"]
[BlackFideId "24100110"]
[WhiteElo "2670"]
[BlackElo "2507"]
[Result "0-1"]
[Round "10"]
[TimeControl "180+1"]
[Date "2021.11.09"]
[WhiteClock "0:00:06"]
[BlackClock "0:00:09"]

1. b3 h5 2. Bb2 h4 3. c4 c6 4. Nf3 d5 5. e3 h3 6. g3 Bg4 7. Be2 Nd7 8. d4 e6 9. Nbd2 f5 10. Qc2 Ngf6 11. O-O-O Qa5 12. Kb1 Ne4 13. Nxe4 fxe4 14. Ng5 Bxe2 15. Qxe2 dxc4 16. Nxe6 cxb3 17. axb3 Rh6 18. Qg4 Nf6 19. Qf4 Kf7 20. d5 cxd5 21. Ng5+ Kg8 22. Qf5 Re8 23. Nxh3 Qb5 24. Bxf6 gxf6 25. Kb2 Qe2+ 26. Kb1 Re5 27. Qc8 Qb5 28. Kb2 f5 29. Ng5 Rb6 30. Qc3 Bg7 31. Ka2 Re8 32. Rd4 Bxd4 33. exd4 Qe2+ 34. Ka3 Ra6+ 35. Kb4 Rc6 36. Qe3 Qa2 37. Nh3 Rb6+ 38. Kc5 Qa5# 0-1


[Site "https://www.chess.com"]

[Event "Titled Tuesday Blitz November 9 2021"]
[White "Gaehwiler, Gabriel"]
[Black "Visakh N R"]
[WhiteFideId "1314530"]
[BlackFideId "25012223"]
[WhiteElo "2320"]
[BlackElo "2454"]
[Result "0-1"]
[Round "10"]
[TimeControl "180+1"]
[Date "2021.11.09"]
[WhiteClock "0:00:15"]
[BlackClock "0:01:12"]

1. d4 Nf6 2. Nf3 e6 3. g3 c5 4. c4 cxd4 5. Nxd4 Bb4+ 6. Bd2 Qb6 7. Bxb4 Qxb4+ 8. Qd2 Qxc4 9. Bg2 Nc6 10. Nc2 O-O 11. O-O d5 12. Rc1 Qa6 13. b4 Qb6 14. a4 Bd7 15. a5 Qd8 16. Nd4 Rc8 17. Na3 Qe7 18. Nxc6 Bxc6 19. Qd4 a6 20. Rab1 Rfd8 21. f4 Nd7 22. Nc2 Bb5 23. Bf3 Rc4 24. Qd2 Rdc8 25. e3 Ba4 26. Nd4 Rxc1+ 27. Rxc1 Rxc1+ 28. Qxc1 Qxb4 29. Qc8+ Nf8 30. f5 e5 31. Bxd5 exd4 32. Qc7 Qe1+ 33. Kg2 Qe2+ 34. Kg1 Qxe3+ 35. Kg2 Qe2+ 36. Kg1 Qd1+ 37. Kg2 Qc2+ 38. Qxc2 Bxc2 39. Bxb7 Bd3 0-1


[Site "https://www.chess.com"]